 Dungeon Sprint DCSS version 0.31.0-12-g77e489cdc1 (webtiles) character file.

Game seed: 10441924023061941884

11428 Heoruswealwe the Phalangite (level 11, -1/117 HPs)
             Began as a Minotaur Fighter on Feb 23, 2024.
             Was an Initiate of Gozag.
             Slain by an orc warrior
             ... wielding a +0 glaive
              (19 damage)
             ... in the Dungeon (Sprint IX: "|||||||||||||||||||||||||||||").
             The game lasted 00:12:39 (1757 turns).

Heoruswealwe the Phalangite (Minotaur Fighter)      Turns: 1757, Time: 00:12:39

Health: -1/117     AC: 25    Str: 26    XL:     11   Next: 49%
Magic:  10/10      EV:  8    Int:  5    God:    Gozag
Gold:   5811       SH:  0    Dex:  9    Spells: 10/10 levels left

rFire   . . .        b - +1 halberd (freeze)
rCold   . . .        (shield currently unavailable)
rNeg    . . .        c - +0 plate armour
rPois   .            (helmet restricted)
rElec   .            h - +0 cloak
rCorr   .            f - +0 pair of gloves
SInv    .            e - +0 pair of boots
Will    .....        (no amulet) Stlth
                     k - +2 ring of protection
HPRegen 0.39/turn    (no ring)
MPRegen 0.12/turn

%: no teleportation
@: mighty, gold aura, on berserk cooldown, hasted and slowed
A: horns 2, retaliatory headbutt
a: Renounce Religion, Potion Petition, Call Merchant, Bribe Branch


You were in the Dungeon.
You worshipped Gozag.
Gozag was greatly pleased with you.
You visited 1 branch You collected 5811 gold pieces.

Inventory:

Hand Weapons
 a - a +0 trident
 b - a +1 halberd of freezing (weapon)
Armour
 c - a +0 plate armour (worn)
 d - a +0 buckler
 e - a +0 pair of boots (worn)
 f - a +0 pair of gloves (worn)
 h - a +0 cloak (worn)
Jewellery
 k - a +2 ring of protection (left hand)
Wands
 q - a wand of acid (10)
Scrolls
 j - 3 scrolls of blinking
 o - 4 scrolls of identify
 p - a scroll of acquirement
Potions
 l - 2 potions of curing
 n - a potion of might


   Skills:
 + Level 17.5 Fighting
 * Level 23.5 Polearms
 + Level 17.5 Armour
 - Level 3.6 Shields


You had 10 spell levels left.
You didn't know any spells.
Your spell library was empty.

Dungeon Overview and Level Annotations

Branches:
Dungeon (1/1)

Altars:
Cheibriados
Dithmenos
Elyvilon
Fedhas
Gozag
Hepliaklqana
Kikubaaqudgha
Makhleb
Nemelex Xobeh
Okawaru
Qazlal
Ru
Sif Muna
Trog
Uskayaw
Vehumet
Wu Jian
Xom
Yredelemnul
Zin
The Shining One
Jiyva
Lugonu

Shops:
D (


Innate Abilities, Weirdness & Mutations

You have a pair of horns on your head.
You reflexively headbutt those who attack you in melee.


Message History

You completely miss the orc knight. Your headbutt misses the orc knight.
You slash the orc knight! You freeze the orc knight.
Your headbutt misses the orc knight.
The orc knight is moderately wounded.
The orc knight hits you with a +2 great sword!!
* * * LOW HITPOINT WARNING * * *
You closely miss the orc knight.
The orc knight is moderately wounded.
You puncture the orc knight! You freeze the orc knight.
The orc knight is heavily wounded.
The orc warrior no longer looks unusually strong.
The orc knight barely misses you.
You puncture the orc knight! You freeze the orc knight.
The orc knight is severely wounded.
You barely miss the orc knight. Your headbutt misses the orc knight.
The orc knight is severely wounded.
The orc warrior no longer looks unusually strong. x3
The orc knight roars a battlecry!
The orc warriors go into a battle-frenzy!
You puncture the orc knight! You freeze the orc knight.
You headbutt the orc knight!
The orc knight is almost dead.
You hit the orc knight. You freeze the orc knight.
You kill the orc knight!
You hit the orc warrior. You freeze the orc warrior.
You headbutt the orc warrior.
The orc warrior is heavily wounded.
You slice the orc warrior!! You freeze the orc warrior.
You kill the orc warrior!
The orc warrior barely misses you.
You feel a strong urge to attack something.
You are no longer berserk.
You are exhausted.
You feel yourself slow down.
You feel better.
The orc warrior hits you from afar with a +0 halberd!
* * * LOW HITPOINT WARNING * * *
The orc warrior hits you from afar with a +0 glaive!!
You die...
Your body crumbles into a pile of gold.

▓.▓.▓.▓.▓
▓∩▓.▓.▓.▓=▓
▓$▓.▓.▓.▓[▓
▓$▓.▓.▓.▓)▓
▓o▓.▓.▓.▓?▓
▓$▓.▓.▓.▓!▓
▓o▓.▓'▓.▓'▓
▓o▓.▓.▓.▓_▓
▓@▓.▓.▓.▓_▓
▓.▓.▓.▓.▓_▓
▓.▓.▓.▓.▓_▓
▓.▓.▓.▓.▓_▓
▓.▓.▓.▓.▓_▓
▓.▓.▓.▓.▓_▓
▓.▓.▓.▓.▓_▓
▓.▓.▓.▓.▓_▓
▓.▓.▓'▓.▓_▓


You could see 3 orc warriors.

Vanquished Creatures
  A two-headed ogre (D)
  An orc high priest (D)
  A skeletal warrior (D)
  4 orc knights (D)
  An ugly thing (D)
  2 elephants (D)
  A cane toad (D)
  A black mamba (D)
  A rime drake (D)
  2 komodo dragons (D)
  A tengu conjurer (D)
  2 trolls (D)
  5 polar bears (D)
  A blink frog (D)
  A dream sheep (D)
  A vampire (D)
  A shadow (D)
  A wyvern (D)
  A wraith (D)
  A basilisk (D)
  4 water moccasins (D)
  16 orc warriors (D)
  3 black bears (D)
  A wolf (D)
  3 bullfrogs (D)
  A gnoll sergeant (D)
  2 scorpions (D)
  2 orc priests (D)
  An iguana (D)
  2 orc wizards (D)
  A gnoll (D)
  2 dart slugs (D)
  6 orcs (D)
  An endoplasm (D)
  A hobgoblin (D)
  A quokka (D)
77 creatures vanquished.

Notes
Turn   | Place    | Note
-------+----------+-------------------------------------------
     0 | D        | Heoruswealwe the Minotaur Fighter began the quest for the
                  | Orb.
     0 | D        | Reached XP level 1. HP: 19/19 MP: 0/0
     6 | D        | Reached skill level 3 in Polearms
    12 | D        | Reached skill level 4 in Polearms
    15 | D        | Reached XP level 2. HP: 10/28 MP: 1/1
    86 | D        | Noticed a scorpion
    86 | D        | Noticed a scorpion
    91 | D        | Reached skill level 5 in Polearms
   100 | D        | Reached skill level 5 in Fighting
   100 | D        | Reached skill level 6 in Polearms
   100 | D        | Reached skill level 5 in Armour
   100 | D        | Reached XP level 3. HP: 13/36 MP: 2/2
   104 | D        | Killed a scorpion
   105 | D        | Reached skill level 8 in Polearms
   105 | D        | Reached XP level 4. HP: 25/45 MP: 3/3
   108 | D        | Killed a scorpion
   109 | D        | Reached skill level 9 in Polearms
   109 | D        | Reached XP level 5. HP: 26/52 MP: 4/4
   116 | D        | Found a snail-covered altar of Cheibriados.
   116 | D        | Found a shadowy altar of Dithmenos.
   116 | D        | Found a white marble altar of Elyvilon.
   116 | D        | Found a blossoming altar of Fedhas.
   116 | D        | Found an opulent altar of Gozag.
   117 | D        | Found a hazy altar of Hepliaklqana.
   118 | D        | Found a viscous altar of Jiyva.
   119 | D        | Found an ancient bone altar of Kikubaaqudgha.
   120 | D        | Found a corrupted altar of Lugonu.
   121 | D        | Found a burning altar of Makhleb.
   122 | D        | Found a sparkling altar of Nemelex Xobeh.
   123 | D        | Found an iron altar of Okawaru.
   124 | D        | Became a worshipper of Gozag Ym Sagoz the Greedy
   125 | D        | Found a stormy altar of Qazlal.
   126 | D        | Found a sacrificial altar of Ru.
   127 | D        | Found a shimmering blue altar of Sif Muna.
   128 | D        | Found a bloodstained altar of Trog.
   129 | D        | Found a hide-covered altar of Uskayaw.
   130 | D        | Found a radiant altar of Vehumet.
   131 | D        | Found an ornate altar of the Wu Jian Council.
   132 | D        | Found a shimmering altar of Xom.
   133 | D        | Found a basalt altar of Yredelemnul.
   134 | D        | Found a glowing silver altar of Zin.
   135 | D        | Found a glowing golden altar of the Shining One.
   233 | D        | Noticed a troll
   233 | D        | Noticed an orc warrior
   233 | D        | Noticed a shadow
   233 | D        | Noticed a vampire
   233 | D        | Noticed a two-headed ogre
   243 | D        | Killed a two-headed ogre
   244 | D        | Reached skill level 10 in Fighting
   244 | D        | Reached skill level 13 in Polearms
   244 | D        | Reached skill level 10 in Armour
   244 | D        | Reached XP level 6. HP: 49/67 MP: 5/5
   244 | D        | Reached XP level 7. HP: 53/73 MP: 6/6
   261 | D        | Killed a vampire
   262 | D        | Reached skill level 14 in Polearms
   264 | D        | Killed a troll
   265 | D        | Reached skill level 15 in Polearms
   265 | D        | Reached XP level 8. HP: 36/82 MP: 7/7
   482 | D        | Noticed a green ugly thing
   482 | D        | Noticed a tengu conjurer
   482 | D        | Noticed a troll
   482 | D        | Noticed a skeletal warrior
   498 | D        | Killed a skeletal warrior
   499 | D        | Reached skill level 16 in Polearms
   499 | D        | Reached XP level 9. HP: 56/92 MP: 8/8
   501 | D        | Killed a troll
   502 | D        | Reached skill level 17 in Polearms
   520 | D        | Killed a green ugly thing
   528 | D        | Killed a tengu conjurer
   529 | D        | Reached skill level 18 in Polearms
   793 | D        | Noticed a cane toad
   798 | D        | Noticed a komodo dragon
   809 | D        | Killed a cane toad
   810 | D        | Reached skill level 19 in Polearms
   818 | D        | Reached XP level 10. HP: 76/104 MP: 9/9
   985 | D        | Noticed a black mamba
   985 | D        | Noticed an elephant
   995 | D        | Killed an elephant
   996 | D        | Reached skill level 20 in Polearms
   997 | D        | Noticed an elephant
  1001 | D        | Killed a black mamba
  1002 | D        | Reached skill level 15 in Fighting
  1002 | D        | Reached skill level 15 in Armour
  1023 | D        | Killed an elephant
  1029 | D        | Reached skill level 21 in Polearms
  1330 | D        | Reached XP level 11. HP: 113/114 MP: 10/10
  1343 | D        | Reached skill level 22 in Polearms
  1386 | D        | Noticed an orc knight
  1405 | D        | Killed an orc knight
  1526 | D        | Noticed an orc high priest
  1567 | D        | Killed an orc high priest
  1721 | D        | Found Daent's Antique Weapon Boutique.
  1721 | D        | Noticed an orc knight
  1721 | D        | Noticed an orc knight
  1721 | D        | Noticed an orc knight
  1729 | D        | Killed an orc knight
  1730 | D        | Reached skill level 23 in Polearms
  1740 | D        | Killed an orc knight
  1751 | D        | Killed an orc knight
  1757 | D        | Slain by an orc warrior

Illustrated notes

Levels and vault maps discovered:
D:        linesprint [early_d, line_temple, items_1, d_10, items_2, lair_1,
          lair_end, items_3, orc_1, orc_end, items_4, d_15, swamp_1, shoals_1,
          snake_1, spider_1, d_20, vaults_1, items_5, swamp_end, shoals_end,
          snake_end, spider_end, vaults_end, d_27, items_6, zot_1, zot_end,
          crypt_end, forest_end, elf_end, slime_end, tomb_end, abyss_end,
          pan_hell_end]

Skill      XL: |  1  2  3  4  5  6  7  8  9 10 11 |
---------------+----------------------------------+-----
Polearms       | 4 6 8 9 13 15 16 19 21 23 | 23.5
Fighting       | 4 5 6 7 10 11 12 14 16 17 | 17.5
Armour         | 4 5 6 7 10 11 12 14 16 17 | 17.5
Shields        | |  3.6

Action                     |  1- 3 |  4- 6 |  7- 9 | 10-12 || total
---------------------------+-------+-------+-------+-------++-------
  Melee: Trident           |    26 |     6 |       |       ||    32
         Headbutt          |     1 |     3 |    23 |    35 ||    62
         Halberd           |       |     9 |   108 |   187 ||   304
    Use: Potion            |     1 |     1 |     3 |     8 ||    13
   Stab: Distracted        |       |       |       |     2 ||     2
 Armour: Scale mail        |    11 |     3 |       |       ||    14
         Ring mail         |       |     7 |    34 |       ||    41
         Chain mail        |       |       |    43 |    69 ||   112
         Plate armour      |       |       |       |    32 ||    32
  Dodge: Dodged            |    11 |     9 |    21 |    47 ||    88
  Block: Buckler           |     2 |     1 |       |       ||     3
